 Dungeon Crawl Stone Soup version 0.29.1-4-g47bece8355 (webtiles) character file.

Game seed: 3147422969870426934

18 croobank the Sneak (level 2, 0/14 HPs)
             Began as a Felid Delver on Dec 6, 2022.
             Slain by a wight
             ... wielding a +0 flail
              (14 damage)
             ... on level 3 of the Dungeon.
             The game lasted 00:03:39 (484 turns).

croobank the Sneak (Felid Delver)                    Turns: 484, Time: 00:03:40

Health: 0/14       AC:  1    Str:  8    XL:     2   Next: 51%
Magic:  3/3        EV: 18    Int: 11    God:
Gold:   59         SH:  0    Dex: 17    Spells: 1/1 levels left
                                        Lives:  0   Deaths: 0

rFire   . . .      SeeInvis +     - Unarmed
rCold   . . .      Faith    .   (shield unavailable)
rNeg    . . .      Spirit   .   (body armour unavailable)
rPois   .          Reflect  .   (helmet unavailable)
rElec   .          Harm     .   (cloak unavailable)
rCorr   .          Rampage  .   (gloves unavailable)
Will    .....                   (boots unavailable)
Stlth   ++++......              (no amulet)
HPRegen 0.04/turn               (no ring)
MPRegen 0.08/turn               (no ring)

@: quick
A: very small, claws 1, fangs 3, see invisible, speed 1, shaggy fur 1, stealthy
paws, no weapons or thrown items, no armour, multi-lived
a: no special abilities


You were on level 3 of the Dungeon.
You visited 1 branch of the dungeon, and saw 4 of its levels.

You collected 59 gold pieces.

Inventory:

Wands
 e - a wand of digging (3)
Scrolls
 a - a scroll of fog
 b - a scroll of magic mapping
 c - a scroll of fear
 g - a scroll of identify {unknown}
 h - a scroll of butterflies {unknown}
Potions
 d - a potion of haste
 f - 3 potions of curing {unknown}


   Skills:
 + Level 3.2 Fighting
 + Level 3.1 Dodging
 + Level 6.8 Stealth
 + Level 2.3 Unarmed Combat


You had one spell level left.
You didn't know any spells.
Your spell library was empty.

Dungeon Overview and Level Annotations

Branches:
Dungeon (6/15)
 Temple: D:4-7

Altars:

Shops:
D:5 ?[((


Innate Abilities, Weirdness & Mutations

You have sharp claws.
You have razor-sharp teeth.
You have supernaturally acute eyesight. (SInv)
You cover ground quickly. (Speed+)
You are covered in fur. (AC +1)
Your paws help you pounce on unaware monsters.
You are incapable of wielding weapons or throwing items.
You cannot wear armour.
You gain extra lives every three experience levels.


Message History

You barely miss the orc.
The adder hisses angrily.
The orc closely misses you.
You hear a shout! x2
You scratch the orc.
The orc is heavily wounded.
The orc barely misses you.
You scratch the orc.
The orc is almost dead.
The adder closely misses you. The orc closely misses you.
The adder closely misses you.
You scratch the orc.
You kill the orc!
The adder bites you.
You have reached level 2!
You scratch the adder.
The adder is moderately wounded.
The adder closely misses you.
You scratch the adder.
The adder is heavily wounded.
The adder completely misses you.
You closely miss the adder.
The adder is heavily wounded.
The adder closely misses you. x2
You closely miss the adder.
The adder is heavily wounded.
The adder misses you.
You scratch the adder.
The adder is heavily wounded.
The adder misses you.
You scratch the adder.
The adder is almost dead.
The adder closely misses you. The adder barely misses you.
You closely miss the adder. You bite the adder.
You kill the adder!
A wight comes into view. It is wielding a +0 flail.
The wight closely misses you. The wight hits you with a +0 flail!
Ouch! That really hurt!
You die...

########.####
.............
#######.#####
#####.# ##...#.#
##......#
#######.o.....##
#......!.......###
#.@....:...........
#.z#...............
#.)..)#...#..o#....
#.....#$.....(#.###
#######...S...#.#
.....o...
......#####
######.. #.#


You could see a wight and an orc.

Vanquished Creatures
  An adder (D:3)
  A worm (D:3)
  An orc (D:3)
  A goblin (D:4)
  A hobgoblin (D:4)
  2 kobolds
7 creatures vanquished.

Notes
Turn   | Place    | Note
-------+----------+-------------------------------------------
     0 | D:5      | croobank the Felid Delver began the quest for the Orb.
     0 | D:5      | Reached XP level 1. HP: 10/10 MP: 2/2
     0 | D:5      | Noticed a +0 falchion
     0 | D:5      | Noticed a +0 spear
     0 | D:5      | Noticed a +0 short sword
     0 | D:5      | Noticed a +0 dagger
     4 | D:5      | Noticed a +0 spear
     8 | D:5      | Noticed a +0 dagger
    11 | D:5      | Noticed a +0 falchion
    11 | D:5      | Noticed a +0 short sword
    12 | D:6      | Noticed a water moccasin
    14 | D:6      | Noticed a hound
    20 | D:5      | Found Ifre's Antique Weapon Shop.
    23 | D:5      | Found Uriukac's Weapon Shoppe.
    24 | D:5      | Found Diyl's Antique Armour Shoppe.
    24 | D:5      | Found Girelaem's Magic Scroll Shop.
   471 | D:3      | Reached XP level 2. HP: 13/14 MP: 3/3
   477 | D:3      | Noticed a wight
   484 | D:3      | Slain by a wight

Illustrated notes

Levels and vault maps discovered:
D:3:      cheibrodos_pilgrimage, layout_loops_cross, good_gods_mini_temple
D:4:      layout_basic, mainiacjoe_overflow_alcove_1,
          mainiacjoe_overflow_chevrons, mainiacjoe_overflow_catwalk,
          minmay_misc_feat_encased
D:5:      layout_rooms, nicolae_uskayaw_en_pointe, minmay_temple_entry_waves,
          nicolae_wooded_promenade
D:6:      layout_loops_corners, grunt_temple_overflow_open,
          hellmonk_ghost_happy_afterlife, serial_shops, nicolae_shop_stone,
          serial_co_window_serial, co_window_paths_a,
          co_window_of_opportunity_a, co_window_corner_a, co_window_paths_b,
          co_window_corner_a, co_window_unsneaky_path_c, co_window_cross_4,
          co_window_broadway_a, co_window_paths_d, glass_columns_a,
          glass_columns_c, glass_columns_b, glass_columns_a, glass_columns_b,
          uniq_blork_the_orc, uniq_maggie, uniq_eustachio, uniq_pikel

Skill      XL: |  1 |
---------------+----+-----
Dodging        | 3 |  3.1
Fighting       | |  3.2
Stealth        | |  6.8
Unarmed Combat | |  2.3

Action                   || total
-------------------------++-------
Melee: Unarmed           ||    30
       Bite              ||     4
       Punch             ||     1
 Stab: Sleeping          ||     1
Dodge: Dodged            ||    23
